cohdb
Replays
Latest Replays
All Replays
Popular Replays
Top Player Replays
Match Explorer
How It Works
Community
CoH3 Stats
Reddit
Sign in to upload your games and track your stats! →
Sign in with Steam
Match 32438603
Unlisted
Match 32438603
Overview
Messages
Build Orders
End
Construct Barracks
Selects Armored Battlegroup
Selects Veteran Crews
1⁄4-ton 4x4 Truck
Riflemen Squad
Riflemen Squad
Riflemen Squad
Grenade Package
Selects Fast Deploy
Infantry Support Center
Construct Motor Pool
Engineer Squad
Selects Field Repairs
Munitions Surplus
Demolitions Package
M1 Anti-tank Gun Team
Construct Medical Station
M1918 Browning Automatic Rifles
M1 Anti-tank Gun Team
AI Takeover
PlammX
Pepuz
구사찬
el campo
Доктор Гувер[POINTRUNNER]
MaXiS
0
0
Comments
sign in to comment!
No comments posted yet!